 Dungeon Crawl Stone Soup version 0.29.1-13-g9f3cf754e1 (webtiles) character file.

Game seed: 13651894540309398639

196 H0rd4k the Charlatan (level 5, -1/30 (36) HPs)
             Began as an Octopode Artificer on Feb 6, 2023.
             Slain by an orc wizard
             ... wielding a +0 dagger
              (2 damage)
             ... on level 4 of the Dungeon.
             The game lasted 00:01:51 (3964 turns).

H0rd4k the Charlatan (Octopode Artificer)           Turns: 3964, Time: 00:01:52

HP:   -1/30 (36)    AC:  1    Str: 15    XL:     5   Next: 75%
MP:   8/8           EV: 13    Int: 15    God:
Gold: 155           SH:  0    Dex: 13    Spells: 8/8 levels left

rFire   . . .      SeeInvis .   t - +9 halberd of the Philosopher {freeze, rElec Will+ Str+4}
rCold   . . .      Faith    .   (shield currently unavailable)
rNeg    . . .      Spirit   .   (helmet restricted)
rPois   .          Reflect  .   (no amulet)
rElec   +          Harm     .   (no ring)
rCorr   .          Rampage  .   (no ring)
Will    +....                   (no ring)
Stlth   +++.......              (no ring)
HPRegen 0.10/turn               (no ring)
MPRegen 0.11/turn               (no ring)
                                (no ring)
                                (no ring)

@: heavily drained
A: almost no armour, amphibious, 8 rings, camouflage 1, gelatinous body 1,
(nimble swimmer 1), tentacles
a: no special abilities


You were on level 4 of the Dungeon.
You visited 1 branch of the dungeon, and saw 4 of its levels.

You collected 155 gold pieces.

Inventory:

Hand Weapons
 t - the +9 halberd of the Philosopher (weapon) {freeze, rElec Will+ Str+4}
   (You found it on level 3 of the Dungeon)

   It freezes those it strikes, dealing additional cold damage.
   It can also slow down cold-blooded creatures.
   Str:       It affects your strength (+4).
   rElec:     It insulates you from electricity.
   Will:      It increases your willpower.
Jewellery
 r - a ring of ice
 v - a ring of resist corrosion
Wands
 b - a wand of flame (15) (quivered)
 c - a wand of charming (15)
 d - a wand of iceblast (11)
Scrolls
 e - 2 scrolls of enchant armour {unknown}
 h - 2 scrolls of fog {unknown}
 k - 3 scrolls of identify {unknown}
 n - 2 scrolls of teleportation {unknown}
 o - 2 scrolls of blinking {unknown}
 u - a scroll of fear {unknown}
 w - a scroll of noise {unknown}
Potions
 a - 3 potions of brilliance {unknown}
 f - 2 potions of curing {unknown}
 g - 4 potions of attraction {unknown}
 i - a potion of might {unknown}
 j - a potion of ambrosia {unknown}
 l - 2 potions of degeneration {unknown}
 m - a potion of haste {unknown}
 p - a potion of mutation {unknown}
 q - a potion of resistance {unknown}
 s - a potion of flight {unknown}


   Skills:
 * Level 3.0 Fighting
 + Level 0.4 Polearms
 - Level 2.3 Dodging
 - Level 1.3 Stealth
 + Level 3.0 Unarmed Combat
 * Level 2.3 Spellcasting
 - Level 3.2 Evocations


You had 8 spell levels left.
You didn't know any spells.
Your spell library contained the following spells:

 Spells                   Type           Power      Damage    Failure   Level
 Ozocubu's Armour         Ice            1%         N/A       54%         3
 Metabolic Englaciation   Hex/Ice        0%         N/A       99%         5
 Simulacrum               Ice/Necr       0%         N/A       100%        6


Dungeon Overview and Level Annotations

Branches:
Dungeon (4/15)
 Temple: D:4-7

Altars:
Okawaru
Sif Muna
Trog


Innate Abilities, Weirdness & Mutations

You cannot wear most types of armour.
You are amphibious.
You can wear up to eight rings at the same time.
Your skin changes colour to match your surroundings (Stealth+).
Your rubbery body absorbs attacks. (AC +1, EV +1)
((You are camouflaged when in or above water. (Stealth+)))
You have tentacles for arms and can constrict up to eight enemies at once.


Message History

The orc wizard flickers and vanishes!
Deactivating autopickup; reactivate with Ctrl-A.
There is an open door here.
There are monsters nearby!
You barely miss the orc. Your grab misses the orc. Your squeeze misses the orc.
The orc wizard gestures wildly while chanting.
The orc wizard flickers and vanishes!
The orc barely misses you.
There are monsters nearby!
You puncture the orc! You freeze the orc.
You kill the orc!
The orc hits you with a +0 club.
An orc is nearby!
You hit the orc. You freeze the orc.
You kill the orc!
Something barely misses you.
You hear some strange, mumbled words.
A puff of flame appears from out of thin air!
The puff of flame misses you. Something hits you.
You feel drained.
No target in view!
No target in view!
You miss something. Your squeeze misses something. Something hits you.
You feel drained.
You hit something. You freeze something. Something hits you.
You feel drained.
You hear some strange, mumbled words.
A magic dart appears from out of thin air!
The magic dart hits you!
You closely miss something.
Something hits you. x2; You feel drained.
* * * LOW HITPOINT WARNING * * *
There is an open door, spattered with blood here.
You miss something. Something hits you.
* * * LOW HITPOINT WARNING * * *
You feel drained. Something hits you.
* * * LOW HITPOINT WARNING * * *
You hear some strange, mumbled words.
A magic dart appears from out of thin air!
The magic dart hits you.
* * * LOW HITPOINT WARNING * * *
Something hits you.
You die...

..# ..# .....# ..#
.....# ..# .....# ..#
.....# ..# .....+
.############## .....#
.#............###)....#
.#......#.......@)....#
.#......#......{#.....#
.#......'.......#.....#
.#......#.......#.....#
.#......#########.....#
.######.<..........####
......#............#
......#............#
......#..........


There were no monsters in sight!

Vanquished Creatures
  A scorpion (D:3)
  Ijyb (D:3)
  Jessica (D:3)
  An adder (D:3)
  2 dart slugs
  A worm (D:2)
  6 orcs
  8 ball pythons
  6 bats
  8 endoplasms
  A giant cockroach (D:2)
  6 goblins
  5 hobgoblins
  3 kobolds
  3 quokkas
  2 frilled lizards
  4 rats
59 creatures vanquished.

Vanquished Creatures (others)
  A wizard (D:3)
1 creature vanquished.

Grand Total: 60 creatures vanquished

Notes
Turn   | Place    | Note
-------+----------+-------------------------------------------
     0 | D:1      | H0rd4k the Octopode Artificer began the quest for the Orb.
     0 | D:1      | Reached XP level 1. HP: 13/13 MP: 1/1
   286 | D:1      | Found a faded altar of an unknown god.
   315 | D:1      | Reached skill level 1 in Spellcasting
   315 | D:1      | Reached XP level 2. HP: 18/18 MP: 3/3
  1268 | D:2      | Reached XP level 3. HP: 13/24 MP: 3/5
  1606 | D:2      | Reached skill level 1 in Unarmed Combat
  2560 | D:3      | Noticed Ijyb
  2580 | D:3      | Killed Ijyb
  2581 | D:3      | Reached XP level 4. HP: 15/30 MP: 6/6
  3205 | D:3      | Identified the +9 halberd of the Philosopher {freeze, rElec
                  | Will+ Str+4}
  3262 | D:3      | Found a bloodstained altar of Trog.
  3263 | D:3      | Noticed a wizard
  3269 | D:3      | Killed a wizard
  3312 | D:3      | Noticed a scorpion
  3320 | D:3      | Killed a scorpion
  3321 | D:3      | Reached XP level 5. HP: 30/36 MP: 8/8
  3499 | D:3      | Noticed Jessica
  3505 | D:3      | Killed Jessica
  3507 | D:3      | Found a shimmering blue altar of Sif Muna.
  3840 | D:4      | Found an iron altar of Okawaru.
  3964 | D:4      | HP: 1/30 [something/magic dart (4)]
  3964 | D:4      | Slain by an orc wizard

Illustrated notes

Levels and vault maps discovered:
D:1:      minmay_arrival_stone_box, layout_loops_ring,
          shapermc_ecumenical_altar_mp_highgroup, st_stairs_3,
          serial_park_tiny_pond
D:2:      layout_loops_ring, minmay_fractal_squares_gapless_5
D:3:      layout_basic, trog_wizard, tgw_sif, uniq_ijyb
D:4:      layout_gridville, okawaru_metal_pillars_1_2

Skill      XL: |  1  2  3  4  5 |
---------------+----------------+-----
Spellcasting   | 1 2 |  2.3
Fighting       | 2 3 |  3.0
Unarmed Combat | 1 2 3 |  3.0
Polearms       | |  0.4
Dodging        | |  2.3
Stealth        | |  1.3
Evocations     | |  3.2

Action                   |  1- 3 |  4- 6 || total
-------------------------+-------+-------++-------
Melee: Unarmed           |   103 |    31 ||   134
       Tentacles         |    28 |     4 ||    32
       Constrict         |    20 |     7 ||    27
       Punch             |     1 |       ||     1
       Halberd           |       |    21 ||    21
 Stab: Sleeping          |    10 |     4 ||    14
       Distracted        |     1 |       ||     1
Armor: Skin              |    10 |     6 ||    16
Dodge: Dodged            |    59 |    39 ||    98
